Wild vs Blue Jackets

Created - April 18, 2023 at 17:05

Goals
1 2 3 OT1 T
Wild 2 0 1 0 3
Blue Jackets 0 1 2 1 4
Shots
1 2 3 OT1 T
Wild 8 14 19 0 41
Blue Jackets 4 13 10 2 29

GoalsPenalties
1st period
1. Wild , Marcus Foligno 17 (Ondrej Kase 22, Ryan Johansen 21) at 3:36 (PP)
2. Wild , Conor Garland 12 (Adam Fox 37, Tim Stutzle 17) at 7:27
Ryan Graves (CLB) for Goalie Interference (Minor) at 2:21
2nd period
3. Blue Jackets , Frederick Gaudreau 7 (Zac Dalpe 2, Quinn Hughes 41) at 10:08
No Penalty
3rd period
4. Blue Jackets , Quinn Hughes 6 (Joe Pavelski 19, Alexander Kerfoot 13) at 0:55
5. Blue Jackets , Anthony Duclair 22 (Elias Pettersson 27) at 13:07
6. Wild , Adam Fox 7 (Tyson Barrie 29, Tim Stutzle 18) at 15:31 (PP)
Nic Dowd (CLB) for Tripping (Minor) at 6:55
Joel Edmundson (CLB) for Hooking (Minor) at 13:36
Overtime #1
7. Blue Jackets , Joel Armia 2 (Anthony Duclair 22) at 0:42
No Penalty
Goalie Stats
Scott Wedgewood (MIN), 25 saves from 29 shots - (0.862), OTL, 9-10-4, 60:43 minutes
Thatcher Demko (CLB), 38 saves from 41 shots - (0.927), W, 16-12-6, 60:43 minutes
3 StarsOfficial
1 - Quinn Hughes (CLB)
2 - Anthony Duclair (CLB)
3 - Adam Fox (MIN)
Referees : Steve Kozari and Corey Syvret
Linesman : Derek Nansen and Jesse Marquis
Game Note
No Game Note
Finance
Level 1 -- Attendance: 3365 (56.08%) -- Ticket Income $757,125
Level 2 -- Attendance: 3326 (66.52%) -- Ticket Income $548,790
Level 3 -- Attendance: 2296 (57.40%) -- Ticket Income $309,960
Level 4 -- Attendance: 1636 (54.53%) -- Ticket Income $163,600
Luxury Box -- Attendance: 612 (61.20%) -- Ticket Income $183,600
Game was played at the Nationwide Arena.
Total Attendance: 11235 (59.13%)
Total Ticket Income: $1,963,075
Total Income: $1,963,075



Team Name Goals Shots Shots Attemp Shots Blocked PIM HIT PP PK FO%
Wild 3419270132 / 3 (67%)059%
Blue Jackets 42952176180 / 0 (0.00%241%

Wild
Player Name POS G A P +/- PIM HIT SHT SB MP PP MP PP SHT PK MP PK SHT FO% FOT
Adam FoxD1121002224:282:3320:0000% 0
Alex FormentonLW0000012015:180:0000:0000% 0
Alexander RomanovD000-1020022:180:0000:0000% 0
Andrew PoturalskiC000-100008:460:0000:00071% 7
Casey CizikasC0000011115:180:0000:00067% 21
Conor GarlandLW/RW101-1014017:132:2700:00060% 5
Evan BouchardD000-2012020:182:3610:0000% 0
Fabian ZetterlundRW000-100008:460:0000:0000% 0
Gustav NyquistC/LW/RW0000005015:180:0000:0000% 1
Marcus FolignoLW/RW1010019019:182:4250:0000% 1
Ondrej KaseRW011-1005118:512:4200:0000% 0
Ryan JohansenC0110002019:182:4210:00062% 26
Sam LaffertyC/LW/RW000-101008:460:0000:000100% 1
T.J. BrodieD000-2024118:332:3600:0000% 0
Tim StutzleC/LW022-2003117:212:2710:00050% 24
Tyler MyersD0001030016:360:0000:0000% 0
Tyson BarrieD011-2001118:302:3300:0000% 0
Victor OlofssonLW/RW000-1001017:132:2700:0000% 1
Blue Jackets
Player Name POS G A P +/- PIM HIT SHT SB MP PP MP PP SHT PK MP PK SHT FO% FOT
Alexander KerfootC/LW0111002117:080:0000:000100% 1
Anthony DuclairLW/RW1121012017:200:0001:10040% 5
Braden SchneiderD0000000316:000:0002:4600% 0
Elias PetterssonC0110006120:360:0003:59258% 19
Erik JohnsonD0000000016:250:0000:0000% 0
Frederick GaudreauC/RW101100308:200:0000:00020% 10
Joe PavelskiC/RW0111013121:400:0003:23034% 32
Joel ArmiaLW/RW1011011013:290:0000:0000% 1
Joel EdmundsonD0000240120:320:0001:3300% 0
John KlingbergD0000001221:230:0002:2300% 0
Kyle PalmieriRW0000001016:560:0000:540100% 1
Nic DowdC/RW0000202014:120:0000:52050% 16
Quinn HughesD1122011325:300:0002:5200% 0
Ryan GravesD0003251420:170:0000:4400% 0
T.J. OshieRW0001022017:080:0000:0000% 1
Tomas NosekC/LW000101208:200:0000:0000% 1
Zac DalpeC/RW011101108:200:0000:0000% 0
Zach SanfordC/LW/RW0000011113:210:0000:0000% 0

Wild

5 vs 5 Forward
Line #Left WingCenterRight WingPHYDFOFWanted %Time %Time Play
1Marcus FolignoRyan JohansenOndrej Kase1222829%16:01
2Victor OlofssonTim StutzleConor Garland1132827%14:46
3Alex FormentonCasey CizikasGustav Nyquist1312828%15:18
4Sam LaffertyAndrew PoturalskiFabian Zetterlund1221616%8:46
5 vs 5 Defense
Line #DefenseDefensePHYDFOFWanted %Time %Time Play
1T.J. BrodieTyson Barrie0413029%15:57
2Tyler MyersAdam Fox0413030%16:36
3Alexander RomanovEvan Bouchard0413032%17:34
4Alexander RomanovAdam Fox041109%4:44
Power Play Forward
Line #Left WingCenterRight WingPHYDFOFWanted %Time %Time Play
1Marcus FolignoRyan JohansenOndrej Kase0055052%2:42
2Conor GarlandTim StutzleVictor Olofsson0055048%2:27
Power Play Defense
Line #DefenseDefensePHYDFOFWanted %Time %Time Play
1Tyson BarrieAdam Fox0145050%2:33
2T.J. BrodieEvan Bouchard0145050%2:36
Penalty Kill 4 Players Forward
Line #CenterWingPHYDFOFWanted %Time %Time Play
1Casey CizikasOndrej Kase050500%0:00
2Marcus FolignoGustav Nyquist050500%0:00
Penalty Kill 4 Players Defense
Line #DefenseDefensePHYDFOFWanted %Time %Time Play
1Tyler MyersAdam Fox050500%0:00
2T.J. BrodieAlexander Romanov050500%0:00
Penalty Kill 3 Players
Line #WingPHYDFOFWanted %Time %Time PlayDefenseDefensePHYDFOFWanted %Time %Time Play
1Casey Cizikas050500%0:00 Tyler MyersAdam Fox050500%0:00
2Marcus Foligno050500%0:00 T.J. BrodieAlexander Romanov050500%0:00
4 vs 4 Forward
Line #CenterWingPHYDFOFWanted %Time %Time Play
1Ryan JohansenOndrej Kase023500%0:00
2Tim StutzleMarcus Foligno023500%0:00
4 vs 4 Defense
Line #DefensePHYDFOFWanted %Time %Time Play
1Tyler MyersAdam Fox041500%0:00
2T.J. BrodieTyson Barrie041500%0:00
Last Minutes Offensive
Left WingCenterRight WingDefenseDefense
Marcus FolignoRyan JohansenOndrej KaseTyson BarrieAdam Fox
Last Minutes Defensive
Left WingCenterRight WingDefenseDefense
Gustav NyquistCasey CizikasOndrej KaseTyler MyersAdam Fox
Time
Total ForwardTotal DefenseLast Minutes OffensiveLast Minutes Defensive
60:00 60:00 0:000:00
Extra Forwards
Normal PowerPlayPenalty Kill
Tim Stutzle, Gustav Nyquist, Victor OlofssonGustav Nyquist, Ondrej KaseGustav Nyquist
Extra Defensemen
Normal PowerPlayPenalty Kill
Alexander Romanov, Tyson Barrie, Adam FoxT.J. Brodie, Evan BouchardAlexander Romanov
Penalty Shots
Ondrej Kase, Victor Olofsson, Tim Stutzle, Ryan Johansen, Gustav Nyquist
Goalie
Scott Wedgewood, Igor Shesterkin
Custom OT Lines Forwards
Ryan Johansen, Marcus Foligno, Ondrej Kase, Tim Stutzle, Casey Cizikas, Gustav Nyquist, Andrew Poturalski, Victor Olofsson, Conor Garland, Fabian Zetterlund
Custom OT Lines Defensemen
Adam Fox, Evan Bouchard, Tyson Barrie, Alexander Romanov, Tyler Myers
Scratches
Matt Duchene (Severed Right Wrist Tendon Injury), Jake Walman (Healthy), Tyler Johnson (Healthy)

Blue Jackets

5 vs 5 Forward
Line #Left WingCenterRight WingPHYDFOFWanted %Time %Time Play
1Alexander KerfootJoe PavelskiT.J. Oshie0324031%17:08
2Anthony DuclairElias PetterssonKyle Palmieri0323029%16:02
3Zach SanfordNic DowdJoel Armia1312024%13:21
4Tomas NosekFrederick GaudreauZac Dalpe1311015%8:20
5 vs 5 Defense
Line #DefenseDefensePHYDFOFWanted %Time %Time Play
1Quinn HughesRyan Graves1224035%19:26
2John KlingbergJoel Edmundson1223035%19:00
3Erik JohnsonBraden Schneider1222024%13:14
4Quinn HughesErik Johnson122106%3:11
Power Play Forward
Line #Left WingCenterRight WingPHYDFOFWanted %Time %Time Play
1Anthony DuclairJoe PavelskiKyle Palmieri122600%0:00
2T.J. OshieElias PetterssonNic Dowd122400%0:00
Power Play Defense
Line #DefenseDefensePHYDFOFWanted %Time %Time Play
1Quinn HughesErik Johnson122600%0:00
2John KlingbergJoel Edmundson122400%0:00
Penalty Kill 4 Players Forward
Line #CenterWingPHYDFOFWanted %Time %Time Play
1Joe PavelskiElias Pettersson1226077%3:59
2Anthony DuclairNic Dowd1224023%1:10
Penalty Kill 4 Players Defense
Line #DefenseDefensePHYDFOFWanted %Time %Time Play
1Quinn HughesJohn Klingberg1226046%2:23
2Braden SchneiderJoel Edmundson1224054%2:46
Penalty Kill 3 Players
Line #WingPHYDFOFWanted %Time %Time PlayDefenseDefensePHYDFOFWanted %Time %Time Play
1Joe Pavelski122600%0:00 Quinn HughesBraden Schneider122600%0:00
2Elias Pettersson122400%0:00 John KlingbergJoel Edmundson122400%0:00
4 vs 4 Forward
Line #CenterWingPHYDFOFWanted %Time %Time Play
1Joe PavelskiElias Pettersson122600%0:00
2Anthony DuclairKyle Palmieri122400%0:00
4 vs 4 Defense
Line #DefensePHYDFOFWanted %Time %Time Play
1Quinn HughesErik Johnson122600%0:00
2John KlingbergJoel Edmundson122400%0:00
Last Minutes Offensive
Left WingCenterRight WingDefenseDefense
Anthony DuclairJoe PavelskiJoel ArmiaQuinn HughesRyan Graves
Last Minutes Defensive
Left WingCenterRight WingDefenseDefense
Anthony DuclairJoe PavelskiJoel ArmiaQuinn HughesRyan Graves
Time
Total ForwardTotal DefenseLast Minutes OffensiveLast Minutes Defensive
60:00 60:00 0:000:00
Extra Forwards
Normal PowerPlayPenalty Kill
Tomas Nosek, Nic Dowd, Kyle PalmieriTomas Nosek, Nic DowdKyle Palmieri
Extra Defensemen
Normal PowerPlayPenalty Kill
John Klingberg, Quinn Hughes, Joel EdmundsonQuinn Hughes, Joel EdmundsonQuinn Hughes
Penalty Shots
Joe Pavelski, Elias Pettersson, Anthony Duclair, Nic Dowd, Kyle Palmieri
Goalie
Thatcher Demko, Sergei Bobrovsky
Custom OT Lines Forwards
Joe Pavelski, Elias Pettersson, Anthony Duclair, Joel Armia, Tomas Nosek, T.J. Oshie, Nic Dowd, Kyle Palmieri, Frederick Gaudreau, Zach Sanford
Custom OT Lines Defensemen
Quinn Hughes, Ryan Graves, John Klingberg, Joel Edmundson, Braden Schneider
Scratches
Miles Wood (Healthy), Jalen Chatfield (Healthy)


Play-by-Play

1st period


0:01 of 1st period - Ryan Johansen wins face-off versus Joe Pavelski in neutral zone.
0:17 of 1st period - Icing by Tyson Barrie.
0:18 of 1st period - Ryan Johansen wins face-off versus Elias Pettersson in Wild zone.
1:22 of 1st period - Off-side.
1:23 of 1st period - Casey Cizikas wins face-off versus Joe Pavelski in neutral zone.
1:31 of 1st period - Shot by Alex Formenton.
1:31 of 1st period - Shot Misses the Net.
1:33 of 1st period - Shot by Alex Formenton.
1:33 of 1st period - Shot Misses the Net.
1:37 of 1st period - Shot by Gustav Nyquist.
1:37 of 1st period - Shot Misses the Net.
1:40 of 1st period - Alex Formenton is hit by Ryan Graves and loses puck.
1:48 of 1st period - Alex Formenton is hit by Quinn Hughes and loses puck.
2:21 of 1st period - Minor Penalty to Ryan Graves for Goalie Interference.
2:22 of 1st period - Ryan Johansen wins face-off versus Elias Pettersson in Blue Jackets zone.
2:55 of 1st period - Shot by Ondrej Kase.
2:55 of 1st period - Shot Misses the Net.
2:57 of 1st period - Shot by Marcus Foligno.
2:57 of 1st period - Stopped by Thatcher Demko without a rebound.
2:58 of 1st period - Tim Stutzle wins face-off versus Anthony Duclair in Blue Jackets zone.
3:05 of 1st period - Shot by Conor Garland.
3:05 of 1st period - Shot Blocked by John Klingberg.
3:07 of 1st period - Shot by T.J. Brodie.
3:07 of 1st period - Shot Blocked by Quinn Hughes.
3:24 of 1st period - Shot by Tim Stutzle.
3:24 of 1st period - Shot Misses the Net.
3:26 of 1st period - Shot by Evan Bouchard.
3:26 of 1st period - Stopped by Thatcher Demko without a rebound.
3:27 of 1st period - Ryan Johansen wins face-off versus Joe Pavelski in Blue Jackets zone.
3:36 of 1st period - Shot by Ondrej Kase.
3:36 of 1st period - Deflect By Marcus Foligno.
3:36 of 1st period - Goal by Marcus Foligno - Wild : 1 - Blue Jackets : 0.
3:37 of 1st period - Andrew Poturalski wins face-off versus Frederick Gaudreau in neutral zone.
3:52 of 1st period - Shot by Sam Lafferty.
3:52 of 1st period - Shot Blocked by Braden Schneider.
5:18 of 1st period - Icing by John Klingberg.
5:19 of 1st period - Casey Cizikas wins face-off versus Nic Dowd in Blue Jackets zone.
5:40 of 1st period - Shot by Gustav Nyquist.
5:40 of 1st period - Deflect By Alex Formenton.
5:40 of 1st period - Stopped by Thatcher Demko without a rebound.
5:41 of 1st period - Elias Pettersson wins face-off versus Ryan Johansen in Blue Jackets zone.
6:04 of 1st period - Icing by Evan Bouchard.
6:05 of 1st period - Ryan Johansen wins face-off versus Joe Pavelski in Wild zone.
6:09 of 1st period - Off-side.
6:10 of 1st period - Casey Cizikas wins face-off versus Joe Pavelski in neutral zone.
7:11 of 1st period - Icing by Adam Fox.
7:12 of 1st period - Elias Pettersson wins face-off versus Tim Stutzle in Wild zone.
7:27 of 1st period - Shot by Conor Garland.
7:27 of 1st period - Goal by Conor Garland - Wild : 2 - Blue Jackets : 0.
7:28 of 1st period - Nic Dowd wins face-off versus Marcus Foligno in neutral zone.
8:43 of 1st period - John Klingberg is hit by Tyler Myers and loses puck.
8:55 of 1st period - Joel Armia is hit by Tyler Myers and loses puck.
9:24 of 1st period - Shot by Tim Stutzle.
9:24 of 1st period - Deflect By Conor Garland.
9:24 of 1st period - Stopped by Thatcher Demko without a rebound.
9:25 of 1st period - Sam Lafferty wins face-off versus Joe Pavelski in Blue Jackets zone.
10:02 of 1st period - Shot by Joe Pavelski.
10:02 of 1st period - Stopped by Scott Wedgewood with a rebound.
12:17 of 1st period - Shot by Alex Formenton.
12:17 of 1st period - Stopped by Thatcher Demko without a rebound.
12:18 of 1st period - Andrew Poturalski wins face-off versus Frederick Gaudreau in Blue Jackets zone.
12:37 of 1st period - Joel Edmundson is hit by Sam Lafferty.
13:19 of 1st period - Shot by Zach Sanford.
13:19 of 1st period - Deflect By Joel Armia.
13:19 of 1st period - Shot Blocked by Ondrej Kase.
13:59 of 1st period - Shot by Joe Pavelski.
13:59 of 1st period - Shot Blocked by Adam Fox.
14:01 of 1st period - Shot by Ryan Graves.
14:01 of 1st period - Shot Misses the Net.
14:03 of 1st period - Shot by Joe Pavelski.
14:03 of 1st period - Shot Blocked by Adam Fox.
14:36 of 1st period - Icing by John Klingberg.
14:37 of 1st period - Tim Stutzle wins face-off versus Elias Pettersson in Blue Jackets zone.
14:40 of 1st period - Shot by Tim Stutzle.
14:40 of 1st period - Stopped by Thatcher Demko without a rebound.
14:41 of 1st period - Nic Dowd wins face-off versus Tim Stutzle in Blue Jackets zone.
14:49 of 1st period - Nic Dowd is hit by T.J. Brodie and loses puck.
15:08 of 1st period - Icing by Erik Johnson.
15:09 of 1st period - Nic Dowd wins face-off versus Casey Cizikas in Blue Jackets zone.
15:44 of 1st period - Shot by Ryan Graves.
15:44 of 1st period - Stopped by Scott Wedgewood without a rebound.
15:45 of 1st period - Elias Pettersson wins face-off versus Tim Stutzle in Wild zone.
15:50 of 1st period - Shot by Anthony Duclair.
15:50 of 1st period - Shot Misses the Net.
15:53 of 1st period - Icing by Conor Garland.
15:54 of 1st period - Tim Stutzle wins face-off versus Joe Pavelski in Wild zone.
16:07 of 1st period - Shot by Tim Stutzle.
16:07 of 1st period - Shot Misses the Net.
18:51 of 1st period - Shot by Zach Sanford.
18:51 of 1st period - Stopped by Scott Wedgewood without a rebound.
18:52 of 1st period - Tim Stutzle wins face-off versus Joe Pavelski in Wild zone.
19:57 of 1st period - Shot by Elias Pettersson.
19:57 of 1st period - Stopped by Scott Wedgewood without a rebound.
19:58 of 1st period - Nic Dowd wins face-off versus Ryan Johansen in Wild zone.
Goals for this period are 2 for Wild vs 0 for Blue Jackets.
Shots for this period are 8 for Wild vs 4 for Blue Jackets.

2nd period


0:01 of 2nd period - Casey Cizikas wins face-off versus Joe Pavelski in neutral zone.
0:44 of 2nd period - Icing by Ryan Graves.
0:45 of 2nd period - Joe Pavelski wins face-off versus Ryan Johansen in Blue Jackets zone.
1:04 of 2nd period - Ondrej Kase is hit by Anthony Duclair and loses puck.
1:49 of 2nd period - Shot by Nic Dowd.
1:49 of 2nd period - Stopped by Scott Wedgewood without a rebound.
1:50 of 2nd period - Tim Stutzle wins face-off versus Frederick Gaudreau in Wild zone.
1:58 of 2nd period - Icing by Joel Edmundson.
1:59 of 2nd period - Frederick Gaudreau wins face-off versus Casey Cizikas in Blue Jackets zone.
2:26 of 2nd period - Shot by Tomas Nosek.
2:26 of 2nd period - Shot Blocked by Casey Cizikas.
2:28 of 2nd period - Shot by Frederick Gaudreau.
2:28 of 2nd period - Stopped by Scott Wedgewood without a rebound.
2:29 of 2nd period - Conor Garland wins face-off versus Joe Pavelski in Wild zone.
2:42 of 2nd period - Shot by Tim Stutzle.
2:42 of 2nd period - Shot Blocked by Ryan Graves.
2:44 of 2nd period - Shot by T.J. Brodie.
2:44 of 2nd period - Stopped by Thatcher Demko without a rebound.
2:45 of 2nd period - Andrew Poturalski wins face-off versus Elias Pettersson in Blue Jackets zone.
3:48 of 2nd period - Shot by Ondrej Kase.
3:48 of 2nd period - Stopped by Thatcher Demko with a rebound.
3:50 of 2nd period - Shot by Ondrej Kase.
3:50 of 2nd period - Shot Blocked by Braden Schneider.
3:54 of 2nd period - Shot by Ondrej Kase.
3:54 of 2nd period - Shot Misses the Net.
3:58 of 2nd period - Shot by Marcus Foligno.
3:58 of 2nd period - Shot Misses the Net.
4:00 of 2nd period - Shot by Marcus Foligno.
4:00 of 2nd period - Stopped by Thatcher Demko with a rebound.
5:08 of 2nd period - Tyler Myers is hit by Joe Pavelski and loses puck.
5:19 of 2nd period - Shot by Joe Pavelski.
5:19 of 2nd period - Shot Misses the Net.
5:21 of 2nd period - Shot by Quinn Hughes.
5:21 of 2nd period - Shot Misses the Net.
5:55 of 2nd period - Shot by Joel Armia.
5:55 of 2nd period - Shot Misses the Net.
6:30 of 2nd period - Shot by Tomas Nosek.
6:30 of 2nd period - Stopped by Scott Wedgewood without a rebound.
6:31 of 2nd period - Ryan Johansen wins face-off versus Joe Pavelski in Wild zone.
6:49 of 2nd period - John Klingberg is hit by Evan Bouchard and loses puck.
6:56 of 2nd period - Shot by Alexander Kerfoot.
6:56 of 2nd period - Stopped by Scott Wedgewood without a rebound.
6:57 of 2nd period - Casey Cizikas wins face-off versus Frederick Gaudreau in Wild zone.
7:07 of 2nd period - Shot by Zac Dalpe.
7:07 of 2nd period - Stopped by Scott Wedgewood with a rebound.
7:09 of 2nd period - Shot by Frederick Gaudreau.
7:09 of 2nd period - Stopped by Scott Wedgewood without a rebound.
7:10 of 2nd period - Andrew Poturalski wins face-off versus Nic Dowd in Wild zone.
7:10 of 2nd period - Andrew Poturalski is hit by Zach Sanford.
7:42 of 2nd period - Off-side.
7:43 of 2nd period - Casey Cizikas wins face-off versus Joe Pavelski in neutral zone.
7:43 of 2nd period - Casey Cizikas is hit by T.J. Oshie.
8:14 of 2nd period - Shot by John Klingberg.
8:14 of 2nd period - Shot Blocked by T.J. Brodie.
8:19 of 2nd period - T.J. Brodie is hit by Joel Edmundson and loses puck.
8:40 of 2nd period - Shot by Elias Pettersson.
8:40 of 2nd period - Shot Misses the Net.
8:48 of 2nd period - Shot by Kyle Palmieri.
8:48 of 2nd period - Stopped by Scott Wedgewood with a rebound.
8:50 of 2nd period - Shot by Erik Johnson.
8:50 of 2nd period - Shot Misses the Net.
8:52 of 2nd period - Shot by Elias Pettersson.
8:52 of 2nd period - Shot Misses the Net.
8:54 of 2nd period - Shot by Elias Pettersson.
8:54 of 2nd period - Shot Misses the Net.
9:36 of 2nd period - Shot by Nic Dowd.
9:36 of 2nd period - Stopped by Scott Wedgewood without a rebound.
9:37 of 2nd period - Frederick Gaudreau wins face-off versus Andrew Poturalski in Wild zone.
10:06 of 2nd period - Shot by Frederick Gaudreau.
10:06 of 2nd period - Shot Misses the Net.
10:08 of 2nd period - Shot by Frederick Gaudreau.
10:08 of 2nd period - Goal by Frederick Gaudreau - Wild : 2 - Blue Jackets : 1.
10:09 of 2nd period - Joe Pavelski wins face-off versus Casey Cizikas in neutral zone.
10:23 of 2nd period - Icing by Gustav Nyquist.
10:24 of 2nd period - Elias Pettersson wins face-off versus Casey Cizikas in Wild zone.
10:47 of 2nd period - Shot by Elias Pettersson.
10:47 of 2nd period - Shot Misses the Net.
10:49 of 2nd period - Shot by Elias Pettersson.
10:49 of 2nd period - Stopped by Scott Wedgewood without a rebound.
10:50 of 2nd period - Ryan Johansen wins face-off versus Joe Pavelski in Wild zone.
11:19 of 2nd period - Shot by Marcus Foligno.
11:19 of 2nd period - Shot Blocked by Quinn Hughes.
11:21 of 2nd period - Shot by Ondrej Kase.
11:21 of 2nd period - Stopped by Thatcher Demko without a rebound.
11:22 of 2nd period - Elias Pettersson wins face-off versus Tim Stutzle in Blue Jackets zone.
11:29 of 2nd period - Alexander Romanov is hit by Joel Edmundson.
12:03 of 2nd period - Shot by Anthony Duclair.
12:03 of 2nd period - Shot Blocked by Tim Stutzle.
12:21 of 2nd period - Shot by Gustav Nyquist.
12:21 of 2nd period - Stopped by Thatcher Demko with a rebound.
12:23 of 2nd period - Shot by Casey Cizikas.
12:23 of 2nd period - Shot Misses the Net.
12:25 of 2nd period - Shot by Gustav Nyquist.
12:25 of 2nd period - Shot Blocked by Quinn Hughes.
12:27 of 2nd period - Shot by T.J. Brodie.
12:27 of 2nd period - Shot Misses the Net.
12:29 of 2nd period - Shot by Tyson Barrie.
12:29 of 2nd period - Stopped by Thatcher Demko without a rebound.
12:30 of 2nd period - Ryan Johansen wins face-off versus Joe Pavelski in Blue Jackets zone.
12:33 of 2nd period - Shot by Marcus Foligno.
12:33 of 2nd period - Shot Blocked by Ryan Graves.
12:35 of 2nd period - Shot by Ryan Johansen.
12:35 of 2nd period - Shot Blocked by Joe Pavelski.
12:37 of 2nd period - Shot by Marcus Foligno.
12:37 of 2nd period - Stopped by Thatcher Demko with a rebound.
12:39 of 2nd period - Shot by T.J. Brodie.
12:39 of 2nd period - Stopped by Thatcher Demko without a rebound.
12:40 of 2nd period - Casey Cizikas wins face-off versus Tomas Nosek in Blue Jackets zone.
13:52 of 2nd period - Shot by Joe Pavelski.
13:52 of 2nd period - Stopped by Scott Wedgewood without a rebound.
13:53 of 2nd period - Tim Stutzle wins face-off versus Elias Pettersson in Wild zone.
14:08 of 2nd period - Shot by Conor Garland.
14:08 of 2nd period - Shot Misses the Net.
14:10 of 2nd period - Shot by Evan Bouchard.
14:10 of 2nd period - Shot Blocked by Joel Edmundson.
14:23 of 2nd period - Icing by Joel Edmundson.
14:24 of 2nd period - Elias Pettersson wins face-off versus Andrew Poturalski in Blue Jackets zone.
15:19 of 2nd period - Shot by Ondrej Kase.
15:19 of 2nd period - Shot Blocked by Ryan Graves.
15:21 of 2nd period - Shot by Marcus Foligno.
15:21 of 2nd period - Shot Blocked by Ryan Graves.
15:23 of 2nd period - Shot by Ondrej Kase.
15:23 of 2nd period - Shot Misses the Net.
15:25 of 2nd period - Shot by Ryan Johansen.
15:25 of 2nd period - Shot Misses the Net.
15:27 of 2nd period - Shot by T.J. Brodie.
15:27 of 2nd period - Shot Misses the Net.
15:42 of 2nd period - Ondrej Kase is hit by Ryan Graves.
16:12 of 2nd period - Shot by Evan Bouchard.
16:12 of 2nd period - Stopped by Thatcher Demko without a rebound.
16:13 of 2nd period - Conor Garland wins face-off versus Frederick Gaudreau in Blue Jackets zone.
16:18 of 2nd period - Shot by Victor Olofsson.
16:18 of 2nd period - Stopped by Thatcher Demko with a rebound.
16:20 of 2nd period - Shot by Tim Stutzle.
16:20 of 2nd period - Stopped by Thatcher Demko with a rebound.
16:41 of 2nd period - Icing by Adam Fox.
16:42 of 2nd period - Elias Pettersson wins face-off versus Conor Garland in Wild zone.
16:53 of 2nd period - Shot by Elias Pettersson.
16:53 of 2nd period - Stopped by Scott Wedgewood without a rebound.
16:54 of 2nd period - Nic Dowd wins face-off versus Casey Cizikas in Wild zone.
17:43 of 2nd period - Off-side.
17:44 of 2nd period - Ryan Johansen wins face-off versus Joe Pavelski in neutral zone.
17:44 of 2nd period - Tyson Barrie is hit by T.J. Oshie and loses puck.
17:50 of 2nd period - Off-side.
17:51 of 2nd period - Joe Pavelski wins face-off versus Ryan Johansen in neutral zone.
18:00 of 2nd period - Shot by Joe Pavelski.
18:00 of 2nd period - Stopped by Scott Wedgewood with a rebound.
18:08 of 2nd period - Shot by Ondrej Kase.
18:08 of 2nd period - Shot Hit the Post.
18:10 of 2nd period - Shot by Ryan Johansen.
18:10 of 2nd period - Stopped by Thatcher Demko with a rebound.
18:28 of 2nd period - Shot by Ryan Johansen.
18:28 of 2nd period - Shot Misses the Net.
18:30 of 2nd period - Shot by Ondrej Kase.
18:30 of 2nd period - Stopped by Thatcher Demko without a rebound.
18:31 of 2nd period - Elias Pettersson wins face-off versus Tim Stutzle in Blue Jackets zone.
18:31 of 2nd period - Elias Pettersson is hit by Conor Garland.
18:51 of 2nd period - Shot by Tim Stutzle.
18:51 of 2nd period - Shot Misses the Net.
19:03 of 2nd period - Shot by Conor Garland.
19:03 of 2nd period - Shot Misses the Net.
19:07 of 2nd period - Shot by Tim Stutzle.
19:07 of 2nd period - Shot Misses the Net.
19:09 of 2nd period - Shot by Conor Garland.
19:09 of 2nd period - Stopped by Thatcher Demko without a rebound.
19:10 of 2nd period - Casey Cizikas wins face-off versus Nic Dowd in Blue Jackets zone.
19:12 of 2nd period - Gustav Nyquist is hit by Joel Edmundson and loses puck.
Goals for this period are 0 for Wild vs 1 for Blue Jackets.
Shots for this period are 14 for Wild vs 13 for Blue Jackets.

3rd period


0:01 of 3rd period - Joe Pavelski wins face-off versus Ryan Johansen in neutral zone.
0:18 of 3rd period - Shot by T.J. Oshie.
0:18 of 3rd period - Shot Misses the Net.
0:22 of 3rd period - Shot by T.J. Oshie.
0:22 of 3rd period - Stopped by Scott Wedgewood without a rebound.
0:23 of 3rd period - Elias Pettersson wins face-off versus Tim Stutzle in Wild zone.
0:23 of 3rd period - John Klingberg is hit by T.J. Brodie and loses puck.
0:28 of 3rd period - Shot by Anthony Duclair.
0:28 of 3rd period - Stopped by Scott Wedgewood without a rebound.
0:29 of 3rd period - Elias Pettersson wins face-off versus Tim Stutzle in Wild zone.
0:39 of 3rd period - Icing by T.J. Brodie.
0:40 of 3rd period - Tim Stutzle wins face-off versus Joe Pavelski in Wild zone.
0:53 of 3rd period - Shot by Joe Pavelski.
0:53 of 3rd period - Shot Blocked by Tyson Barrie.
0:55 of 3rd period - Shot by Quinn Hughes.
0:55 of 3rd period - Goal by Quinn Hughes - Wild : 2 - Blue Jackets : 2.
0:56 of 3rd period - Ryan Johansen wins face-off versus Elias Pettersson in neutral zone.
1:11 of 3rd period - Shot by Marcus Foligno.
1:11 of 3rd period - Shot Misses the Net.
1:13 of 3rd period - Shot by Marcus Foligno.
1:13 of 3rd period - Stopped by Thatcher Demko with a rebound.
1:45 of 3rd period - Elias Pettersson is hit by Casey Cizikas and loses puck.
2:03 of 3rd period - Gustav Nyquist is hit by Joel Edmundson and loses puck.
2:16 of 3rd period - Shot by Casey Cizikas.
2:16 of 3rd period - Stopped by Thatcher Demko with a rebound.
2:18 of 3rd period - Shot by Casey Cizikas.
2:18 of 3rd period - Deflect By Gustav Nyquist.
2:18 of 3rd period - Stopped by Thatcher Demko without a rebound.
2:19 of 3rd period - Tim Stutzle wins face-off versus Joe Pavelski in Blue Jackets zone.
2:25 of 3rd period - Victor Olofsson is hit by Ryan Graves and loses puck.
3:15 of 3rd period - Icing by Alexander Romanov.
3:16 of 3rd period - Andrew Poturalski wins face-off versus Nic Dowd in Wild zone.
3:48 of 3rd period - Joel Armia is hit by Alexander Romanov and loses puck.
4:05 of 3rd period - Joel Armia is hit by Alexander Romanov and loses puck.
4:18 of 3rd period - Shot by Zac Dalpe.
4:18 of 3rd period - Deflect By Frederick Gaudreau.
4:18 of 3rd period - Shot Misses the Net.
4:20 of 3rd period - Shot by Tomas Nosek.
4:20 of 3rd period - Stopped by Scott Wedgewood with a rebound.
4:22 of 3rd period - Shot by Frederick Gaudreau.
4:22 of 3rd period - Shot Misses the Net.
5:18 of 3rd period - Shot by Ondrej Kase.
5:18 of 3rd period - Shot Blocked by Elias Pettersson.
5:20 of 3rd period - Shot by Ondrej Kase.
5:20 of 3rd period - Shot Misses the Net.
5:49 of 3rd period - Off-side.
5:50 of 3rd period - Joe Pavelski wins face-off versus Casey Cizikas in neutral zone.
5:50 of 3rd period - Quinn Hughes is hit by Alex Formenton and loses puck.
6:02 of 3rd period - Icing by Tyson Barrie.
6:03 of 3rd period - Casey Cizikas wins face-off versus Joel Armia in Wild zone.
6:07 of 3rd period - Off-side.
6:08 of 3rd period - Alexander Kerfoot wins face-off versus Tim Stutzle in neutral zone.
6:15 of 3rd period - Shot by T.J. Oshie.
6:15 of 3rd period - Stopped by Scott Wedgewood with a rebound.
6:17 of 3rd period - Shot by Alexander Kerfoot.
6:17 of 3rd period - Stopped by Scott Wedgewood without a rebound.
6:18 of 3rd period - Nic Dowd wins face-off versus Gustav Nyquist in Wild zone.
6:55 of 3rd period - Minor Penalty to Nic Dowd for Tripping.
6:56 of 3rd period - Joe Pavelski wins face-off versus Conor Garland in Blue Jackets zone.
7:07 of 3rd period - Shot by Elias Pettersson.
7:07 of 3rd period - Stopped by Scott Wedgewood without a rebound.
7:08 of 3rd period - Ryan Johansen wins face-off versus Joe Pavelski in Wild zone.
7:16 of 3rd period - Shot by Elias Pettersson.
7:16 of 3rd period - Stopped by Scott Wedgewood without a rebound.
7:17 of 3rd period - Tim Stutzle wins face-off versus Joe Pavelski in Wild zone.
7:35 of 3rd period - Shot by Conor Garland.
7:35 of 3rd period - Shot Blocked by John Klingberg.
7:51 of 3rd period - Shot by Tim Stutzle.
7:51 of 3rd period - Stopped by Thatcher Demko without a rebound.
7:52 of 3rd period - Joe Pavelski wins face-off versus Ryan Johansen in Blue Jackets zone.
7:59 of 3rd period - Shot by Marcus Foligno.
7:59 of 3rd period - Stopped by Thatcher Demko without a rebound.
8:00 of 3rd period - Joe Pavelski wins face-off versus Ryan Johansen in Blue Jackets zone.
8:08 of 3rd period - Icing by Tyson Barrie.
8:09 of 3rd period - Joe Pavelski wins face-off versus Ryan Johansen in Wild zone.
8:12 of 3rd period - Shot by Elias Pettersson.
8:12 of 3rd period - Shot Misses the Net.
8:36 of 3rd period - Shot by Adam Fox.
8:36 of 3rd period - Stopped by Thatcher Demko without a rebound.
8:37 of 3rd period - Anthony Duclair wins face-off versus Tim Stutzle in Blue Jackets zone.
9:00 of 3rd period - Shot by Gustav Nyquist.
9:00 of 3rd period - Stopped by Thatcher Demko without a rebound.
9:01 of 3rd period - Nic Dowd wins face-off versus Casey Cizikas in Blue Jackets zone.
9:06 of 3rd period - Shot by Joel Armia.
9:06 of 3rd period - Shot Misses the Net.
9:17 of 3rd period - Icing by Zach Sanford.
9:18 of 3rd period - Nic Dowd wins face-off versus Victor Olofsson in Blue Jackets zone.
9:23 of 3rd period - T.J. Brodie is hit by Joel Armia and loses puck.
9:53 of 3rd period - Icing by Quinn Hughes.
9:54 of 3rd period - Ryan Johansen wins face-off versus Nic Dowd in Blue Jackets zone.
9:55 of 3rd period - Shot by Ondrej Kase.
9:55 of 3rd period - Shot Misses the Net.
10:01 of 3rd period - Shot by Marcus Foligno.
10:01 of 3rd period - Stopped by Thatcher Demko with a rebound.
10:03 of 3rd period - Shot by Marcus Foligno.
10:03 of 3rd period - Shot Misses the Net.
10:05 of 3rd period - Shot by Ondrej Kase.
10:05 of 3rd period - Stopped by Thatcher Demko without a rebound.
10:06 of 3rd period - Casey Cizikas wins face-off versus T.J. Oshie in Blue Jackets zone.
10:32 of 3rd period - Off-side.
10:33 of 3rd period - Kyle Palmieri wins face-off versus Ryan Johansen in neutral zone.
10:49 of 3rd period - Shot by Alexander Romanov.
10:49 of 3rd period - Deflect By Marcus Foligno.
10:49 of 3rd period - Shot Misses the Net.
10:51 of 3rd period - Shot by Marcus Foligno.
10:51 of 3rd period - Deflect By Ondrej Kase.
10:51 of 3rd period - Stopped by Thatcher Demko without a rebound.
10:52 of 3rd period - Tim Stutzle wins face-off versus Frederick Gaudreau in Blue Jackets zone.
10:52 of 3rd period - Tim Stutzle is hit by Ryan Graves.
10:56 of 3rd period - Shot by Conor Garland.
10:56 of 3rd period - Stopped by Thatcher Demko without a rebound.
10:57 of 3rd period - Conor Garland wins face-off versus Joe Pavelski in Blue Jackets zone.
10:59 of 3rd period - Tim Stutzle is hit by Ryan Graves and loses puck.
11:54 of 3rd period - Shot by Marcus Foligno.
11:54 of 3rd period - Shot Misses the Net.
11:56 of 3rd period - Shot by T.J. Brodie.
11:56 of 3rd period - Stopped by Thatcher Demko with a rebound.
11:58 of 3rd period - Shot by Marcus Foligno.
11:58 of 3rd period - Shot Blocked by Alexander Kerfoot.
12:20 of 3rd period - Shot by John Klingberg.
12:20 of 3rd period - Stopped by Scott Wedgewood without a rebound.
12:21 of 3rd period - Casey Cizikas wins face-off versus Nic Dowd in Wild zone.
12:49 of 3rd period - Shot by Gustav Nyquist.
12:49 of 3rd period - Stopped by Thatcher Demko without a rebound.
12:50 of 3rd period - Elias Pettersson wins face-off versus Tim Stutzle in Blue Jackets zone.
13:07 of 3rd period - Shot by Anthony Duclair.
13:07 of 3rd period - Goal by Anthony Duclair - Wild : 2 - Blue Jackets : 3.
13:08 of 3rd period - Ryan Johansen wins face-off versus Frederick Gaudreau in neutral zone.
13:21 of 3rd period - Shot by T.J. Brodie.
13:21 of 3rd period - Stopped by Thatcher Demko without a rebound.
13:22 of 3rd period - Tim Stutzle wins face-off versus Elias Pettersson in Blue Jackets zone.
13:36 of 3rd period - Minor Penalty to Joel Edmundson for Hooking.
13:37 of 3rd period - Joe Pavelski wins face-off versus Ryan Johansen in Blue Jackets zone.
13:46 of 3rd period - Shot by Evan Bouchard.
13:46 of 3rd period - Shot Misses the Net.
13:48 of 3rd period - Shot by Marcus Foligno.
13:48 of 3rd period - Shot Misses the Net.
13:58 of 3rd period - Shot by Marcus Foligno.
13:58 of 3rd period - Stopped by Thatcher Demko without a rebound.
13:59 of 3rd period - Joe Pavelski wins face-off versus Tim Stutzle in Blue Jackets zone.
15:15 of 3rd period - Shot by Ondrej Kase.
15:15 of 3rd period - Shot Blocked by Braden Schneider.
15:17 of 3rd period - Shot by Ryan Johansen.
15:17 of 3rd period - Shot Misses the Net.
15:19 of 3rd period - Shot by Marcus Foligno.
15:19 of 3rd period - Stopped by Thatcher Demko without a rebound.
15:20 of 3rd period - Ryan Johansen wins face-off versus Anthony Duclair in Blue Jackets zone.
15:27 of 3rd period - Shot by Ryan Johansen.
15:27 of 3rd period - Stopped by Thatcher Demko without a rebound.
15:28 of 3rd period - Tim Stutzle wins face-off versus Anthony Duclair in Blue Jackets zone.
15:29 of 3rd period - Shot by Tyson Barrie.
15:29 of 3rd period - Shot Misses the Net.
15:31 of 3rd period - Shot by Adam Fox.
15:31 of 3rd period - Goal by Adam Fox - Wild : 3 - Blue Jackets : 3.
15:32 of 3rd period - Casey Cizikas wins face-off versus Nic Dowd in neutral zone.
15:35 of 3rd period - Shot by Tyler Myers.
15:35 of 3rd period - Shot Misses the Net.
15:37 of 3rd period - Shot by Tyler Myers.
15:37 of 3rd period - Shot Misses the Net.
15:39 of 3rd period - Shot by Casey Cizikas.
15:39 of 3rd period - Shot Blocked by Zach Sanford.
15:41 of 3rd period - Shot by Adam Fox.
15:41 of 3rd period - Deflect By Casey Cizikas.
15:41 of 3rd period - Shot Misses the Net.
15:43 of 3rd period - Shot by Tyler Myers.
15:43 of 3rd period - Shot Misses the Net.
15:53 of 3rd period - Shot by Gustav Nyquist.
15:53 of 3rd period - Stopped by Thatcher Demko without a rebound.
15:54 of 3rd period - Ryan Johansen wins face-off versus Frederick Gaudreau in Blue Jackets zone.
16:07 of 3rd period - Alexander Romanov is hit by Zac Dalpe and loses puck.
16:56 of 3rd period - Tim Stutzle is hit by Tomas Nosek and loses puck.
17:46 of 3rd period - T.J. Oshie is hit by Tyler Myers and loses puck.
17:54 of 3rd period - Icing by Adam Fox.
17:55 of 3rd period - Casey Cizikas wins face-off versus Elias Pettersson in Wild zone.
18:03 of 3rd period - Icing by Alex Formenton.
18:04 of 3rd period - Casey Cizikas wins face-off versus Nic Dowd in Wild zone.
19:37 of 3rd period - Joe Pavelski is hit by Marcus Foligno.
Goals for this period are 1 for Wild vs 2 for Blue Jackets.
Shots for this period are 19 for Wild vs 10 for Blue Jackets.

Overtime #1


0:01 of 1st overtime period - Ryan Johansen wins face-off versus Joe Pavelski in neutral zone.
0:22 of 1st overtime period - Shot by Ryan Johansen.
0:22 of 1st overtime period - Shot Misses the Net.
0:34 of 1st overtime period - Shot by Elias Pettersson.
0:34 of 1st overtime period - Stopped by Scott Wedgewood without a rebound.
0:35 of 1st overtime period - Anthony Duclair wins face-off versus Tim Stutzle in Wild zone.
0:42 of 1st overtime period - Shot by Anthony Duclair.
0:42 of 1st overtime period - Deflect By Joel Armia.
0:42 of 1st overtime period - Goal by Joel Armia - Wild : 3 - Blue Jackets : 4.
Goals for this period are 0 for Wild vs 1 for Blue Jackets.
Shots for this period are 0 for Wild vs 2 for Blue Jackets.




Output by the SimonT Hockey Simulator (STHS) for Tyler Bell - Original Page W3C HTML5 Valid
Hockey Simulator - Hockey Simulation - Hockey Manager